Match 46774816
Unlisted

Match 46774816
End
Selects Luftwaffe Battlegroup
Selects Luftwaffe Pioneer Support
Fallschirmpioneer Squad Paradrop
Construct Infanterie Kompanie
Fallschirmpioneer Squad Paradrop
Selects Flak 38 Anti-Air Emplacement
Construct Panzergrenadier Kompanie
Medical Bunker
Selects Stuka Strafing Run
251 Medium Carrier
MG 42 Bunker
Panzergrenadier Officer Quarters
Pak 40 Anti-tank Gun Team
Selects Flak 36 Anti-tank Gun Emplacement
Selects Fallschirmjäger Squad Paradrop
Support Elements
Fallschirmpioneer Squad Paradrop
Fallschirmjäger Squad Paradrop
Nebelwerfer 42 Rocket Launcher Team
Nebelwerfer 42 Rocket Launcher Team
Selects Stuka Loiter
Fallschirmpioneer Squad Paradrop
Stuka Loiter
Fallschirmpioneer Squad Paradrop
Stuka Loiter
Nebelwerfer 42 Rocket Launcher Team
251 Medium Carrier
DrayNorton
-Caso-
Gudenuss.
WARlordS
6block
Fey Mood
NP97
Good day
0
0

Comments sign in to comment!

No comments posted yet!